AoeStats
← MORK

Arabia

508320475Analyzed
2v2 RM · 12d ago on Sep 21, 2026· 43m 7s· 4 players
Game mode
Random Map
Map size
Medium (4 player)
Population
200
Speed
Normal
Resources
Standard
Victory
Conquest
Starting age
Dark Age
Ending age
Imperial Age
RankedLock teamsTeams togetherTeam positionsShared explorationLock speedFull tech treeHidden civsTurbo modeCheats
Victory
Defeat
🇦🇷 Koreans · Argentina
1059
+16
🇦🇷 Magyars · Argentina
1059
+16
🇦🇷 Burmese · Argentina
1158
-19
🇦🇷 Lithuanians · Argentina
978
-29
terco79
2:39 Loom
9:54 Feudal Age
10:45 Double-Bit Axe
15:32 Fletching
21:08 Castle Age
21:13 Crossbowman
21:15 Pikeman
22:20 Gold Mining
25:56 Stone Mining
31:04 Bodkin Arrow
36:27 Imperial Age
35:32 Bow Saw
37:33 Elite Skirmisher
40:29 Conscription
44:08 Wheelbarrow
43:24 Town Watch
bratosevichjuan
6:31 Loom
6:37 Loom
9:24 Feudal Age
10:06 Double-Bit Axe
11:01 Horse Collar
21:36 Castle Age
20:14 Scale Barding Armor
20:32 Bloodlines
21:49 Scale Mail Armor
21:51 Gold Mining
22:35 Bow Saw
22:28 Heavy Plow
22:32 Husbandry
27:10 Chain Barding Armor
31:09 Wheelbarrow
32:50 Hand Cart
36:01 Stone Mining
38:53 Imperial Age
36:37 Fletching
36:47 Padded Archer Armor
39:36 Cavalier
MORK
6:39 Loom
9:49 Feudal Age
11:33 Horse Collar
18:20 Wheelbarrow
17:58 Scale Barding Armor
21:51 Castle Age
20:36 Bloodlines
22:00 Forging
22:00 Fletching
22:08 Stone Mining
23:12 Gold Mining
25:07 Bodkin Arrow
25:34 Padded Archer Armor
28:15 Iron Casting
31:35 Husbandry
32:51 Ballistics
34:16 Murder Holes
36:09 Manipur Cavalry
36:10 Treadmill Crane
40:11 Elite Skirmisher
kanodavich
6:44 Loom
9:22 Feudal Age
11:02 Horse Collar
23:45 Bloodlines
26:49 Scale Barding Armor
30:29 Castle Age
30:35 Pikeman
Connection lost

Rejoining the realm…

Still unreachable

The connection could not be restored.

Session expired

The server has moved on; the page needs a fresh start.